 Dungeon Crawl Stone Soup version 0.27-a0-1191-g601b473118 (webtiles) character file.

Game seed: 17725823840799394933

3223 st0uf the Geomancer (level 9, -16/49 HPs)
             Began as a Gargoyle Earth Elementalist on May 23, 2021.
             Was a Follower of Vehumet.
             Demolished by a white ugly thing (29 damage)
             ... on level 8 of the Dungeon.
             The game lasted 00:25:31 (8978 turns).

st0uf the Geomancer (Gargoyle Earth Elementalist)   Turns: 8978, Time: 00:25:31

Health: -16/49     AC: 12    Str: 12    XL:     9   Next: 98%
Magic:  0/20       EV: 12    Int: 19    God:    Vehumet [*.....]
Gold:   465        SH:  0    Dex: 10    Spells: 18/22 levels left

rFire    . . .     SeeInvis .   x - +0 spear (venom)
rCold    . . .     Faith    .   (no shield)
rNeg     + . .     Spirit   .   b - +2 robe {Will+}
rPois    ∞         Reflect  .   p - +0 helmet
rElec    +         Harm     .   v - +0 cloak
rCorr    .         Rampage  .   (no gloves)
Will     +....                  (no boots)
Stlth    ++........             (no amulet)
HPRegen  0.16/turn              (no ring)
MPRegen  0.17/turn              (no ring)

@: no status effects
A: sickness immunity, AC +6, negative energy resistance 1, electricity
resistance, torment resistance 1, petrification resistance
a: Renounce Religion


You were on level 8 of the Dungeon.
You worshipped Vehumet.
Vehumet was aware of your devotion.
You visited 2 branches of the dungeon, and saw 9 of its levels.

You collected 465 gold pieces.

Inventory:

Hand Weapons
 x - a +0 spear of venom (weapon)
Missiles
 c - 37 stones
 n - 4 boomerangs of dispersal
Armour
 b - a +2 robe of willpower (worn)
 p - a +0 helmet (worn)
 v - a +0 cloak (worn)
Scrolls
 a - a scroll of magic mapping {unknown}
 d - a scroll of fear {unknown}
 g - 4 scrolls of teleportation {unknown}
 h - a scroll of blinking {unknown}
 k - 7 scrolls of identify {unknown}
 q - 2 scrolls of fog {unknown}
 r - 5 scrolls of enchant armour {unknown}
 s - a scroll of brand weapon {unknown}
 t - a scroll of torment {unknown}
 u - 2 scrolls of enchant weapon {unknown}
Potions
 e - a potion of lignification {unknown}
 f - 3 potions of curing {unknown}
 i - a potion of cancellation {unknown}
 j - a potion of degeneration {unknown}
 l - 4 potions of brilliance {unknown}
 m - a potion of flight {unknown}
 o - 2 potions of heal wounds {unknown}
 w - a potion of haste {unknown}


   Skills:
 + Level 2.7 Fighting
 + Level 3.5 Dodging
 + Level 4.3 Stealth
 + Level 7.3 Spellcasting
 * Level 7.4 Conjurations
 + Level 0.7 Transmutations
 + Level 9.0 Earth Magic


You had 18 spell levels left.
You knew the following spells:

 Your Spells              Type           Power      Damage    Failure   Level
a - Sandblast             Erth           82%        2d17      1%          1
b - Stone Arrow           Conj/Erth      76%        3d11      1%          3

Your spell library contained the following spells:

 Spells                   Type           Power      Damage    Failure   Level
 Foxfire                  Conj/Fire      84%        2x1d8     2%          1
 Passwall                 Tmut/Erth      20%        N/A       1%          2
 Lee's Rapid Deconstruct  Erth           20%        3d13*     7%          5
 Animate Skeleton         Necr           12%        N/A       10%         1
 Pain                     Necr           24%        1d5       10%         1
 Petrify                  Tmut/Erth      25%        N/A       13%         4
 Vampiric Draining        Necr           3%         2d6       28%         3
 Animate Dead             Necr           3%         N/A       67%         4
 Agony                    Necr           6%         N/A       95%         5


Dungeon Overview and Level Annotations

Branches:
Dungeon (8/15)             Temple (1/1) D:5
   Lair: D:8-11

Altars:
Ashenzari
Cheibriados
Dithmenos
Elyvilon
Fedhas
Gozag
Hepliaklqana
Makhleb
Nemelex Xobeh
Okawaru
Qazlal
Ru
Sif Muna
Trog
Uskayaw
Vehumet
Wu Jian
Xom
Yredelemnul
Zin
The Shining One

Shops:
D:3 [

Annotations:
D:6 exclusion: statue


Innate Abilities, Weirdness & Mutations

You are immune to sickness and miasma.
Your stone body is resilient. (AC +6)
You are immune to poison.
You resist negative energy. (rN+)
You are resistant to electric shocks. (rElec)
You are resistant to unholy torment.
You are immune to petrification.


Message History

Aiming: Stone Arrow (safe; 1% risk of failure)
Press: ? - help, Shift-Dir - straight line, f/p - white ugly thing
Aim: a white ugly thing (heavily wounded, 74% to hit)
The stone arrow hits the white ugly thing!!
The white ugly thing is severely wounded.
The white ugly thing claws you but does no damage.
Casting: Stone Arrow (safe; 1% risk of failure)
Confirm with . or Enter, or press ? or * to list all spells.
Aiming: Stone Arrow (safe; 1% risk of failure)
Press: ? - help, Shift-Dir - straight line, f/p - white ugly thing
Aim: a white ugly thing (severely wounded, 74% to hit)
The stone arrow misses the white ugly thing.
The white ugly thing claws you. The white ugly thing freezes you!!
Casting: Stone Arrow (safe; 1% risk of failure)
Confirm with . or Enter, or press ? or * to list all spells.
Aiming: Stone Arrow (safe; 1% risk of failure)
Press: ? - help, Shift-Dir - straight line, f/p - white ugly thing
Aim: a white ugly thing (severely wounded, 74% to hit)
The stone arrow hits the white ugly thing!
The white ugly thing is almost dead.
The white ugly thing barely misses you.
Casting: Stone Arrow (safe; 1% risk of failure)
Confirm with . or Enter, or press ? or * to list all spells.
Aiming: Stone Arrow (safe; 1% risk of failure)
Press: ? - help, Shift-Dir - straight line, f/p - white ugly thing
Aim: a white ugly thing (almost dead, 74% to hit)
The stone arrow hits the white ugly thing!
The white ugly thing is almost dead.
The white ugly thing barely misses you.
Casting: Stone Arrow (safe; 1% risk of failure)
Confirm with . or Enter, or press ? or * to list all spells.
Aiming: Stone Arrow (safe; 1% risk of failure)
Press: ? - help, Shift-Dir - straight line, f/p - white ugly thing
Aim: a white ugly thing (almost dead, 74% to hit)
The stone arrow misses the white ugly thing.
The white ugly thing claws you!
* * * LOW HITPOINT WARNING * * *
The white ugly thing freezes you!!
Ouch! That really hurt!
You die...

####################
###....................
#......@................
#.......u........u......
........................
........................
.......................)
..$.....................
........................
........................
.......................


You could see a white ugly thing.

Vanquished Creatures
  Pikel (D:6)
  A manticore (D:8)
  Grinder (D:6)
  2 ice beasts (D:5)
  An orc warrior (D:7)
  3 sky beasts
  A black bear (D:6)
  An ogre (D:4)
  A lemure (D:6)
  4 bullfrogs
  A water moccasin skeleton (D:5)
  4 wights (D:7)
  A centaur zombie (D:7)
  A gnoll shaman (D:6)
  A bullfrog zombie (D:5)
  9 hounds
  3 jellies (D:7)
  A centaur skeleton (D:6)
  2 orc priests
  3 iguanas
  3 orc wizards
  A hound zombie (D:5)
  2 hound skeletons
  A howler monkey zombie (D:8)
  Robin (D:4)
  7 gnolls
  6 adders
  A white imp (D:3)
  3 ufetubi
  2 adder zombies
  An adder skeleton (D:4)
  3 worms (D:3)
  A dart slug (D:2)
  22 orcs
  4 bats
  10 endoplasms
  A giant cockroach (D:1)
  7 hobgoblins
  A jackal (D:5)
  5 quokkas
  5 ball pythons
  A ball python zombie (D:1)
  A frilled lizard (D:3)
  14 goblins
  2 kobolds
  2 rats (D:1)
149 creatures vanquished.

Notes
Turn   | Place    | Note
-------+----------+-------------------------------------------
     0 | D:1      | st0uf the Gargoyle Earth Elementalist began the quest for
                  | the Orb.
     0 | D:1      | Reached XP level 1. HP: 10/10 MP: 3/3
   410 | D:1      | Reached XP level 2. HP: 15/15 MP: 5/5
   793 | D:1      | Reached skill level 4 in Earth Magic
  1031 | D:1      | Reached XP level 3. HP: 19/19 MP: 6/6
  1270 | D:2      | Reached skill level 1 in Conjurations
  1851 | D:2      | Found a faded altar of an unknown god.
  2117 | D:3      | Reached XP level 4. HP: 24/24 MP: 5/7
  2177 | D:3      | Found a shimmering blue altar of Sif Muna.
  2834 | D:3      | Reached skill level 1 in Fighting
  2928 | D:3      | Learned a level 3 spell: Stone Arrow
  3014 | D:3      | Found a sacrificial altar of Ru.
  3113 | D:3      | Found Ressaq's Armour Shop.
  3159 | D:3      | Reached XP level 5. HP: 28/29 MP: 3/8
  3208 | D:3      | Found a hide-covered altar of Uskayaw.
  3335 | D:4      | Noticed an ogre
  3388 | D:4      | Noticed Robin
  3490 | D:4      | Killed Robin
  3646 | D:4      | Found an iron altar of Okawaru.
  3938 | D:4      | Killed an ogre
  3939 | D:4      | Reached skill level 5 in Earth Magic
  3939 | D:4      | Reached XP level 6. HP: 34/34 MP: 7/10
  4730 | D:5      | Entered Level 5 of the Dungeon
  4864 | D:5      | Reached XP level 7. HP: 21/40 MP: 7/12
  5035 | D:5      | Found a sparkling altar of Nemelex Xobeh.
  5163 | D:5      | Found a staircase to the Ecumenical Temple.
  5178 | Temple   | Entered the Ecumenical Temple
  5374 | D:5      | Found a snail-covered altar of Cheibriados.
  5668 | D:5      | Reached skill level 6 in Earth Magic
  5815 | D:5      | Found a bloodstained altar of Trog.
  5887 | D:5      | Reached XP level 8. HP: 42/45 MP: 11/14
  5991 | D:6      | Found a radiant altar of Vehumet.
  5999 | D:6      | Noticed Grinder
  6003 | D:6      | Killed Grinder
  6114 | D:6      | Reached skill level 5 in Spellcasting
  6167 | D:6      | Became a worshipper of Vehumet
  6227 | D:6      | Reached skill level 7 in Earth Magic
  6740 | D:6      | Reached skill level 5 in Conjurations
  6997 | D:6      | Noticed Pikel
  7003 | D:6      | Killed Pikel
  7004 | D:6      | Reached skill level 8 in Earth Magic
  7004 | D:6      | Reached XP level 9. HP: 47/49 MP: 4/18
  7556 | D:7      | Found a shadowy altar of Dithmenos.
  7724 | D:7      | Reached * piety under Vehumet
  7724 | D:7      | Offered knowledge of Foxfire by Vehumet.
  8712 | D:8      | Noticed a white ugly thing
  8712 | D:8      | Noticed a manticore
  8880 | D:8      | Killed a manticore
  8881 | D:8      | Reached skill level 9 in Earth Magic
  8978 | D:8      | Demolished by a white ugly thing

Illustrated notes

Levels and vault maps discovered:
D:1:      saegor_arrival_fortress, layout_rooms
D:2:      layout_rooms, chequers_ecumenical_altar_simple
D:3:      layout_loops_ring, nicolae_uskayaw_suspiria,
          kennysheep_orc_sif_temple, nicolae_ru_the_path_less_chosen,
          serial_shops, shop, minmay_three_crescents
D:4:      layout_basic, amcnicky_altar_gilded, serial_corexii_hall,
          corexii_hall_statues_u, chequers_hall_statues_wall_a, uniq_robin
D:5:      layout_basic, nemelex_xobeh_ov_fountains_minmay, lemuel_round_altar,
          lemuel_tele_altar, minmay_temple_entry_antechambers,
          hangedman_minor_gate_pass
D:6:      layout_gridville, vehumet_statue, uniq_pikel, uniq_grinder
D:7:      layout_rooms, kennysheep_little_box
D:8:      layout_layer_cave, general_overflow_altar, serial_shops,
          kennysheep_mini_moat, minivault_26, minmay_fountain_box,
          minmay_misc_feat_pillars, grunt_decor_mini_mirrors, kb_rosetta
Temple:   minmay_temple_bridge_abc

Skill      XL: |  1  2  3  4  5  6  7  8  9 |
---------------+----------------------------+-----
Earth Magic    | 4 5 6 8 9 |  9.0
Conjurations   | 1 2 3 4 6 7 |  7.4
Dodging        | 2 3 |  3.5
Stealth        | 3 4 |  4.3
Fighting       | 1 2 |  2.7
Spellcasting   | 3 4 6 7 |  7.3
Transmutations | |  0.7

Action                   |  1- 3 |  4- 6 |  7- 9 || total
-------------------------+-------+-------+-------++-------
Melee: Spear             |   112 |   259 |    64 ||   435
 Cast: Sandblast         |    10 |    46 |    60 ||   116
       Stone Arrow       |       |       |    82 ||    82
 Stab: Sleeping          |     8 |     5 |       ||    13
Armor: Robe              |    25 |    29 |    27 ||    81
       Animal skin       |       |    53 |    21 ||    74
Dodge: Dodged            |    77 |   155 |    75 ||   307

Table legend: (Time is in decaauts)
 A = Elapsed time spent in this place.
 B = Non-inter-level travel time spent in this place.
 C = Inter-level travel time spent in this place.
 D = Time resting spent in this place.
 E = Time spent auto-exploring this place.
 F = Levels seen in this place.
 G = Mean time per level.
                   A        B        C        D        E       F      G
               +--------+--------+--------+--------+--------+-----+--------+
         Total |   9028 |   8745 |    283 |   2207 |   4805 |   9 | 1003.1 |
       Dungeon |   8948 |   8683 |    265 |   2207 |   4760 |   8 | 1118.5 |
        Temple |     80 |     62 |     18 |      0 |     45 |   1 |   80.0 |
               +--------+--------+--------+--------+--------+-----+--------+

Top non-repeatable levels by time:
     D:6: 1540 daAuts
     D:3: 1409 daAuts
     D:4: 1399 daAuts
     D:7: 1391 daAuts
     D:1: 1246 daAuts
     D:5: 1165 daAuts
     D:2: 714 daAuts
     D:8: 81 daAuts
  Temple: 80 daAuts
